 Dungeon Crawl Stone Soup version 0.24-a0-493-g7e4ddcd485 (webtiles) character file.

Game seed: 1329471153128231757

10980 Gargoyl the Schismatic (level 11, 0/136 HPs)
             Began as a Centaur Abyssal Knight on July 12, 2019.
             Was an Elder of Lugonu.
             Slain by a nine-headed hydra (16 damage)
             ... on level 11 of the Dungeon.
             The game lasted 00:20:27 (13608 turns).

Gargoyl the Schismatic (Centaur Abyssal Knight)    Turns: 13608, Time: 00:20:27

Health: 0/136      AC: 25    Str: 34    XL:     11   Next: 43%
Magic:  16/16      EV:  8    Int: 11    God:    Lugonu [****..]
Gold:   890        SH:  5    Dex: 11    Spells: 10/10 levels left

rFire    + + .     SeeInvis .   p - +8 long sword of the Many Blessings {protect, rF++ MR- Str+5}
rCold    . . .     Gourm    .   o - +0 buckler
rNeg     . . .     Faith    .   z - +3 leather armour "Bulymel" {Str+3 Slay+3}
rPois    .         Spirit   .   q - +0 helmet
rElec    .         Reflect  .   m - +0 cloak
rCorr    .         Harm     .   u - +0 pair of gloves
MR       .....                  e - +1 centaur barding
Stlth    ..........             w - amulet of rage
HPRegen  0.32/turn              n - ring of protection from magic
MPRegen  0.15/turn              C - +5 ring of strength

@: mighty, berserking, protection aura, very quick
A: large, hooves 3, deformed body, speed 2, tough skin 3
a: Depart the Abyss, Bend Space, Banish, Corrupt, Renounce Religion, Evoke
Berserk Rage


You were on level 11 of the Dungeon.
You worshipped Lugonu.
Lugonu was greatly pleased with you.
You were not hungry.

You visited 1 branch of the dungeon, and saw 11 of its levels.
You visited the Abyss 2 times.
You also visited: Ossuary.

You collected 890 gold pieces.

Inventory:

Hand Weapons
 a - a +1 hand axe
 d - a cursed +0 war axe
 p - the +8 long sword of the Many Blessings (weapon) {protect, rF++ MR- Str+5}
   (You took it off an orc on level 6 of the Dungeon)

   It grants its wielder temporary protection when it strikes (+7 to AC).
   It affects your strength (+5).
   It greatly protects you from fire.
   It affects your resistance to hostile enchantments.
 G - a cursed -1 giant club
Missiles
 r - 3 boomerangs (quivered)
Armour
 e - a +1 centaur barding (worn)
 h - a scarf of cloud immunity
 m - a +0 cloak (worn)
 o - a +0 buckler (worn)
 q - a +0 helmet (worn)
 u - a +0 pair of gloves (worn)
 z - the +3 leather armour "Bulymel" (worn) {Str+3 Slay+3}
   (You found it on level 7 of the Dungeon)

   It affects your strength (+3).
   It affects your accuracy and damage with ranged weapons and melee attacks
   (+3).
Jewellery
 n - a ring of protection from magic (left hand)
 v - an uncursed amulet of magic regeneration {unknown}
 w - an amulet of rage (around neck)
 x - an uncursed ring of protection from fire
 C - a +5 ring of strength (right hand)
Wands
 b - a wand of flame (63)
 A - a wand of digging (11)
 B - a wand of disintegration (17)
Scrolls
 f - 6 scrolls of identify
 g - 4 scrolls of magic mapping
 k - 6 scrolls of remove curse
 D - 2 scrolls of blinking
Potions
 i - 3 potions of curing
 j - 2 potions of cancellation
 l - 4 potions of flight
 s - 2 potions of brilliance
 t - a potion of resistance
 E - a potion of might
 I - a potion of agility
Comestibles
 c - 15 rations


   Skills:
 + Level 6.7 Fighting
 + Level 7.4 Long Blades
 + Level 5.5 Axes
 + Level 0.5 Throwing
 * Level 7.3 Armour
 + Level 3.1 Dodging
 - Level 0.2 Stealth
 * Level 4.9 Shields
 * Level 7.9 Invocations


You had 10 spell levels left.
You didn't know any spells.
Your spell library contained the following spells:

 Spells                   Type           Power        Failure   Level  Hunger
 Animate Skeleton         Necr           N/A          36%         1    ##.....
 Apportation              Tloc           #.....       36%         1    ##.....
 Confusing Touch          Hex            #.....       36%         1    ##.....
 Freeze                   Ice            #...         36%         1    ##.....
 Summon Butterflies       Summ           #.......     36%         1    ##.....
 Summon Small Mammal      Summ           #...         36%         1    ##.....
 Throw Frost              Conj/Ice       #.....       50%         2    ###....
 Call Canine Familiar     Summ           #.......     75%         3    ####...
 Ozocubu's Armour         Chrm/Ice       #.......     75%         3    ####...
 Summon Ice Beast         Ice/Summ       #.......     98%         4    #####..
 Throw Icicle             Conj/Ice       #.......     98%         4    #####..
 Summon Mana Viper        Hex/Summ       #.......     100%        5    ######.
 Summon Hydra             Summ           #.........   100%        7    #######


Dungeon Overview and Level Annotations

Branches:
Dungeon (11/15)            Temple (0/1) D:4            Lair (0/6) D:11
    Orc: D:9-12

Altars:
Dithmenos
Elyvilon
Gozag
Nemelex Xobeh
Vehumet
Wu Jian
Yredelemnul
The Shining One
Beogh

Shops:
D:6 }

Annotations:
D:11 Erolcha


Innate Abilities, Weirdness & Mutations

You have hooves in place of feet.
Armour fits poorly on your strangely shaped body.
You cover ground very quickly.
You have extremely tough skin. (AC +3)


Message History

The six-headed hydra grows two more!
You slash the eight-headed hydra! You kick the eight-headed hydra!!
The eight-headed hydra is heavily wounded.
A battlesphere comes into view.
The eight-headed hydra barely misses you.
The eight-headed hydra bites you but does no damage.
The eight-headed hydra barely misses you.
The eight-headed hydra bites you but does no damage.
The eight-headed hydra closely misses you.
The eight-headed hydra barely misses you. x2
The eight-headed hydra bites you but does no damage.
The phantom blinks!
You slice one of the eight-headed hydra's heads off!
The seven-headed hydra grows two more!
You slice the nine-headed hydra!! Your kick misses the nine-headed hydra.
The nine-headed hydra is severely wounded.
You hear a shout! x3
The nine-headed hydra bites you but does no damage. x4
The nine-headed hydra bites you!
You die...

....#.######.#
..Q... ...##.#
# ## .....##
#.###.## #.
o..Z.o.
.........
.##o/)[.#
######.##


#YFoyS.. .# #uWoo. .# #uQ*# ##Da# #@### #.)## #.. ### You could see a
nine-headed hydra, 2 ugly things, a hornet, a wraith, a tengu conjurer, 3 orc
warriors, an ice beast, a bullfrog, a worker ant, a battlesphere, an adder, 2
orcs and a worker ant zombie.

Vanquished Creatures
  A tentacled starspawn (Abyss:1)
  A great orb of eyes (Abyss:1)
  A centaur warrior (D:11)
  A troll (D:11)
  A hippogriff (D:7)
  A shadow (D:8)
  A wyvern (D:10)
  A vampire (D:10)
  10 yaks
  A human (D:8)
  Eustachio (D:5)
  Grum (D:10)
  2 water moccasins
  3 sky beasts
  An orc warrior (D:6)
  A small abomination (Abyss:1)
  4 wolves (D:10)
  2 phantoms
  4 ogres
  5 centaurs
  7 bullfrogs
  2 scorpions (D:10)
  9 killer bees
  4 wights (D:7)
  6 howler monkeys
  4 crimson imps
  4 centaur zombies
  A bullfrog zombie (D:10)
  A jelly (D:5)
  3 hounds
  7 orc priests
  2 bullfrog skeletons (D:4)
  Terence (D:2)
  4 iguanas
  7 orc wizards
  4 worker ants
  2 big kobold zombies (Ossuary)
  A hound zombie (D:4)
  A hound skeleton (D:10)
  2 mummies (Ossuary)
  A worker ant zombie (D:3)
  Robin (D:2)
  18 adders
  A howler monkey skeleton (D:4)
  4 shadow imps
  2 oozes
  An adder zombie (Ossuary)
  3 worms
  6 dart slugs
  3 leopard geckos
  52 orcs
  4 ball pythons
  10 giant cockroaches
  2 gnoll zombies (D:6)
  16 goblins
  14 hobgoblins
  4 jackals (D:1)
  10 kobolds
  4 quokkas
  10 bats
  7 frilled lizards
  A goblin zombie (Ossuary)
  11 hobgoblin zombies (Ossuary)
  A jackal skeleton (D:5)
  8 kobold zombies (Ossuary)
  A leopard gecko skeleton (D:5)
  A leopard gecko zombie (D:5)
  8 orc zombies (Ossuary)
  A quokka skeleton (D:5)
  9 rats
  3 rat zombies (Ossuary)
332 creatures vanquished.

Vanquished Creatures (collateral kills)
  A scorpion (D:5)
1 creature vanquished.

Vanquished Creatures (others)
  A meliai (D:11)
  A hornet (D:7)
  An orc warrior (D:6)
  A phantom (D:6)
  An orc priest (D:3)
  An orc wizard (D:6)
  2 starspawn tentacles (Abyss:1)
8 creatures vanquished.

Grand Total: 341 creatures vanquished

Notes
Turn   | Place    | Note
-------+----------+-------------------------------------------
     0 | Abyss:1  | Gargoyl the Centaur Abyssal Knight began the quest for the
                  | Orb.
     0 | Abyss:1  | Reached XP level 1. HP: 19/19 MP: 2/2
     2 | Abyss:1  | Found a corrupted altar of Lugonu.
    49 | Abyss:2  | Noticed a ynoxinul
    53 | D:1      | Escaped the Abyss
    70 | D:1      | Reached * piety under Lugonu
   197 | D:1      | Reached XP level 2. HP: 26/26 MP: 3/3
   443 | D:1      | Reached XP level 3. HP: 26/31 MP: 4/4
   834 | D:1      | Reached skill level 1 in Dodging
   848 | D:1      | Reached ** piety under Lugonu
  1129 | D:2      | Reached XP level 4. HP: 40/40 MP: 5/5
  1512 | D:2      | Noticed Robin
  1528 | D:2      | Killed Robin
  1722 | D:2      | Noticed Terence
  1744 | D:2      | Killed Terence
  1744 | D:2      | Reached XP level 5. HP: 29/46 MP: 6/6
  2945 | D:3      | Reached *** piety under Lugonu
  3105 | D:3      | Reached skill level 1 in Shields
  3659 | D:3      | Found a glowing golden altar of the Shining One.
  3745 | D:3      | Found an ornate altar of the Wu Jian Council.
  3767 | D:4      | Noticed a centaur
  3778 | D:4      | Killed a centaur
  3778 | D:4      | Reached XP level 6. HP: 11/52 MP: 7/7
  4513 | D:4      | Reached XP level 7. HP: 38/59 MP: 9/9
  4634 | D:4      | Found an opulent altar of Gozag.
  4990 | D:4      | Found a staircase to the Ecumenical Temple.
  5394 | D:5      | Entered Level 5 of the Dungeon
  5646 | D:5      | Reached **** piety under Lugonu
  5988 | D:5      | Noticed Eustachio
  6029 | D:5      | Killed Eustachio
  6029 | D:5      | Reached skill level 5 in Axes
  6029 | D:5      | Reached XP level 8. HP: 18/67 MP: 10/10
  7115 | D:6      | Found Vonoway's Gadget Boutique.
  7464 | D:6      | Identified the +8 long sword of the Many Blessings
                  | {protect, rF++ MR- Str+5}
  7472 | D:6      | HP: 1/67 [orc priest/divine providence (16)]
  8264 | D:6      | Reached skill level 5 in Armour
  8315 | D:6      | Reached skill level 1 in Long Blades
  8622 | D:6      | Found a basalt altar of Yredelemnul.
  8763 | D:6      | Reached skill level 5 in Fighting
  8763 | D:6      | Reached XP level 9. HP: 31/74 MP: 12/12
  9375 | D:7      | Reached skill level 5 in Invocations
  9469 | D:7      | Found a sparkling altar of Nemelex Xobeh.
  9583 | D:7      | Found a shadowy altar of Dithmenos.
  9751 | D:7      | Paralysed by a hornet for 2 turns
 10322 | D:7      | Got a ruby-encrusted leather armour
 10323 | D:7      | Identified the +3 leather armour "Bulymel" {Str+3 Slay+3}
                  | (You found it on level 7 of the Dungeon)
 10401 | D:8      | Reached ***** piety under Lugonu
 10664 | D:8      | Reached XP level 10. HP: 63/83 MP: 14/14
 10678 | D:8      | Found a sand-covered staircase.
 10687 | Ossuary  | Entered an ossuary
 11204 | D:8      | Found a white marble altar of Elyvilon.
 11468 | D:9      | Found a roughly hewn altar of Beogh.
 11567 | D:9      | Found a radiant altar of Vehumet.
 12022 | D:9      | Reached skill level 5 in Long Blades
 12164 | D:10     | Entered Level 10 of the Dungeon
 12269 | D:10     | Noticed Grum
 12294 | D:10     | Killed Grum
 13402 | D:11     | Noticed a cyclops
 13402 | D:11     | Noticed a cyclops
 13403 | D:11     | Found a staircase to the Lair.
 13407 | D:11     | Noticed Erolcha
 13408 | D:11     | Paralysed by Erolcha for 3 turns
 13414 | D:11     | Paralysed by Erolcha for 3 turns
 13422 | D:11     | Noticed a tengu reaver
 13424 | D:11     | Noticed a seven-headed hydra
 13424 | D:11     | Noticed a centaur warrior
 13431 | D:11     | Noticed a purple ugly thing
 13433 | D:11     | Noticed a cyan ugly thing
 13447 | Abyss:1  | Noticed a great orb of eyes
 13454 | Abyss:1  | Killed a great orb of eyes
 13454 | Abyss:1  | Reached XP level 11. HP: 34/91 MP: 4/16
 13487 | Abyss:1  | Noticed a tentacled starspawn
 13500 | Abyss:1  | HP: 4/91 [tentacled starspawn (17)]
 13501 | Abyss:1  | Killed a tentacled starspawn
 13578 | Abyss:1  | Noticed a starcursed mass
 13598 | D:11     | Escaped the Abyss
 13600 | D:11     | Identified the +9 hand crossbow "Tioqis" {velocity, rN+}
 13600 | D:11     | Identified the +5 acid dragon scales of Watchfulness {rElec
                  | rPois rCorr Int-2}
 13605 | D:11     | Killed a centaur warrior
 13608 | D:11     | Slain by a nine-headed hydra

Levels and vault maps discovered:
D:1:      wander_arrival_lonely_grave, layout_loops_ring, minmay_pentomino_z4
D:2:      layout_basic, first_ration, kennysheep_generic_room_5, uniq_terence,
          uniq_robin
D:3:      lemuel_upstairs_altar, layout_loops_corners, tso_altar
D:4:      layout_loops_cross, nicolae_gozag_cash_rules_everything_around_me,
          minmay_temple_entry_tees
D:5:      layout_loops_corners, uniq_eustachio
D:6:      layout_basic, lemuel_zombie_altar_yredelemnul, serial_shops, shop,
          minmay_misc_feat_encased
D:7:      layout_loops_cross, grunt_dithmenos_smoke_and_mirrors, basic_altar
D:8:      layout_basic, overflow_temple_1_default,
          nicolae_ossuary_entry_monument, grunt_pizzeria
D:9:      layout_gridville, vehumet_altar_wand_db, david_defended_altar_orc
D:10:     layout_loops_cross, uniq_grum
D:11:     minmay_the_grid_square_5x5_4x4_mashed
          [minmay_the_grid_square_5x5_minivault,
          minmay_the_grid_square_5x5_percent, minmay_the_grid_square_5x5_slash,
          minmay_the_grid_square_5x5_intrusive_squares,
          minmay_the_grid_square_5x5_tetrominoes,
          minmay_the_grid_square_5x5_prize_open,
          minmay_the_grid_square_5x5_prize_waves,
          minmay_the_grid_square_5x5_hollow_slash,
          minmay_the_grid_square_5x5_pentomino_r,
          minmay_the_grid_square_5x5_prize_pseudospiral,
          minmay_the_grid_square_5x5_prize_monsterx,
          minmay_the_grid_square_5x5_checkered_sparse,
          minmay_the_grid_square_5x5_spiral, minmay_the_grid_square_5x5_tie,
          minmay_the_grid_square_5x5_dogpile,
          minmay_the_grid_square_5x5_eight_small], layout_loops_cross,
          lair_entry_dummy, nicolae_alphabet_shops, uniq_snorg, uniq_erolcha,
          uniq_josephine, uniq_maurice

Skill      XL: |  1  2  3  4  5  6  7  8  9 10 11 |
---------------+----------------------------------+-----
Axes           | 2 3 4 5 |  5.5
Dodging        | 1 2 3 |  3.1
Armour         | 2 3 4 5 6 7 |  7.3
Shields        | 1 2 3 4 |  4.9
Fighting       | 4 5 6 |  6.7
Invocations    | 3 4 6 7 |  7.9
Long Blades    | 1 4 6 7 |  7.4
Throwing       | |  0.5
Stealth        | |  0.2

Action                   |  1- 3 |  4- 6 |  7- 9 | 10-12 || total
-------------------------+-------+-------+-------+-------++-------
Melee: Hand axe          |    85 |   264 |   318 |       ||   667
       Kick              |    20 |    58 |   111 |    85 ||   274
       Long sword        |       |       |   187 |   220 ||   407
Throw: Boomerang         |       |       |     7 |     1 ||     8
Invok: Depart the Abyss  |     1 |       |       |     1 ||     2
       Banish            |       |     2 |     3 |     1 ||     6
       Bend Space        |       |       |       |     7 ||     7
       Enter the Abyss   |       |       |       |     1 ||     1
 Abil: Evoke Berserk Rag |       |       |       |     1 ||     1
  Use: Scroll            |     6 |     5 |     9 |     8 ||    28
       Potion            |       |     3 |     2 |     5 ||    10
  Eat: Chunk             |       |    10 |    15 |     4 ||    29
       Ration            |       |       |     1 |     2 ||     3
Armor: Leather armour    |    68 |    10 |    39 |   170 ||   287
       Ring mail         |       |    50 |       |       ||    50
       Plate armour      |       |   155 |   520 |       ||   675
       Skin              |       |    34 |       |       ||    34
       Chain mail        |       |     4 |       |       ||     4
Dodge: Dodged            |    37 |    33 |    61 |   102 ||   233
Block: Buckler           |       |    31 |   117 |    47 ||   195
       Rpst.: Long sword |       |       |    14 |    28 ||    42

Table legend:
 A = Non-vault XP
 B = Vault XP
 C = Vault XP percentage of total XP
 D = Non-vault monster count
 E = Vault monster count
 F = Vault count percentage of total count
                 A         B        C        D         E       F
            +---------+---------+-------+---------+---------+-------
      Total |   12701 |    2985 |  19.0 |     267 |      72 |  21.2
            +---------+---------+-------+---------+---------+-------
        D:1 |      66 |       9 |  12.0 |      36 |       4 |  10.0
        D:2 |      76 |      67 |  46.9 |      25 |      10 |  28.6
        D:3 |     142 |       0 |   0.0 |      28 |       0 |   0.0
        D:4 |     698 |       0 |   0.0 |      29 |       0 |   0.0
        D:5 |     584 |     188 |  24.4 |      30 |       1 |   3.2
        D:6 |    1120 |       4 |   0.4 |      30 |       2 |   6.2
        D:7 |    1583 |       0 |   0.0 |      30 |       0 |   0.0
        D:8 |    1092 |     192 |  15.0 |      22 |       1 |   4.3
        D:9 |     185 |     126 |  40.5 |       4 |       4 |  50.0
       D:10 |    2112 |     654 |  23.6 |      19 |       5 |  20.8
       D:11 |    1555 |    1476 |  48.7 |      11 |       6 |  35.3
    Abyss:1 |    3488 |       0 |   0.0 |       3 |       0 |   0.0
    Ossuary |       0 |     269 | 100.0 |       0 |      39 | 100.0
            +---------+---------+-------+---------+---------+-------
